 Dungeon Crawl Stone Soup version 0.30.1-9-gdf580d7c3d (webtiles) character file.

Game seed: 308867931874235671

138 CaptainMV the Trooper (level 5, -1/50 HPs)
             Began as a Naga Wanderer on Oct 23, 2023.
             Slain by a black bear (4 damage)
             ... on level 3 of the Dungeon.
             The game lasted 00:12:02 (1259 turns).

CaptainMV the Trooper (Naga Wanderer)               Turns: 1259, Time: 00:12:03

Health: -1/50      AC:  6    Str: 14    XL:     5   Next: 21%
Magic:  2/7        EV:  9    Int: 12    God:
Gold:   90         SH:  0    Dex: 13    Spells: 6/7 levels left

rFire   . . .        a - +3 falchion
rCold   . . .        (no shield)
rNeg    . . .        c - +0 leather armour
rPois   +            (no helmet)
rElec   .            f - +2 cloak
rCorr   .            (no gloves)
SInv    +            (no barding)
Will    .....        (no amulet)
Stlth   +            (no ring)
HPRegen 0.28/turn    (no ring)
MPRegen 0.10/turn

%: no passive effects
@: mighty, very slow
A: AC +1, large, see invisible, deformed body, poison resistance, slowness 2,
spit poison 1, naga tail 1
a: Spit Poison


You were on level 3 of the Dungeon.
You visited 1 branch of the dungeon, and saw 3 of its levels.

You collected 90 gold pieces.

Inventory:

Hand Weapons
 a - a +3 falchion (weapon)
Armour
 c - a +0 leather armour (worn)
 f - a +2 cloak (worn)
Potions
 d - a potion of berserk rage
 g - a potion of haste
 h - a potion of invisibility {unknown}
 i - a potion of heal wounds {unknown}
 j - a potion of attraction {unknown}
 k - a potion of cancellation {unknown}
 m - a potion of experience {unknown}


   Skills:
 + Level 3.9 Fighting
 + Level 3.8 Long Blades
 + Level 1.2 Armour
 + Level 1.1 Dodging
 + Level 1.2 Stealth
 + Level 1.9 Spellcasting
 + Level 2.0 Summonings


You had 6 spell levels left.
You knew the following spells:

 Your Spells              Type           Power      Damage    Failure   Level
a - Summon Small Mammal   Summ           24%        N/A       14%         1

Your spell library contained the following spells:

 Spells                   Type           Power      Damage    Failure   Level
 Freeze                   Ice            4%         1d3       34%         1
 Call Canine Familiar     Summ           6%         N/A       41%         3
 Frozen Ramparts          Ice            2%         1d1       71%         3
 Hailstorm                Conj/Ice       1%         3d3       71%         3
 Portal Projectile        Hex/Tloc       2%         N/A       71%         3
 Vhi's Electric Charge    Tloc/Air       2%         N/A       71%         3
 Animate Armour           Summ/Erth      6%         N/A       91%         4
 Arcjolt                  Conj/Air       0%         1d10      100%        5
 Plasma Beam              Fire/Air       0%         2x1d11    100%        6


Dungeon Overview and Level Annotations

Branches:
Dungeon (3/15)

Altars:

Shops:
D:2 (


Innate Abilities, Weirdness & Mutations

Your serpentine skin is tough. (AC +1)
You have supernaturally acute eyesight. (SInv)
Armour fits poorly on your strangely shaped body.
Your system is resistant to poisons. (rPois)
You cover ground very slowly.
You can spit poison.
You have a snake-like lower body.


Message History

* * * LOW HITPOINT WARNING * * *
You hit the black bear.
The black bear is moderately wounded.
The black bear bites you but does no damage.
The black bear claws you.
* * * LOW HITPOINT WARNING * * *
The black bear claws you but does no damage.
You slash the black bear!
The black bear is severely wounded.
The black bear bites you but does no damage.
The black bear claws you.
* * * LOW HITPOINT WARNING * * *
The black bear claws you but does no damage.
You hit the black bear.
The black bear is severely wounded.
The black bear bites you.
* * * LOW HITPOINT WARNING * * *
The black bear claws you but does no damage.
The black bear barely misses you.
You hit the black bear.
The black bear is almost dead.
The black bear bites you.
* * * LOW HITPOINT WARNING * * *
The black bear claws you but does no damage.
The black bear barely misses you.
You feel very mighty all of a sudden. The black bear barely misses you.
The black bear closely misses you. The black bear barely misses you.
You barely miss the black bear.
The black bear is almost dead.
The black bear bites you but does no damage.
The black bear claws you but does no damage.
The black bear barely misses you.
You completely miss the black bear.
The black bear is almost dead.
The black bear goes berserk!
You barely miss the black bear.
The black bear is almost dead.
The black bear barely misses you. The black bear claws you.
You die...

#.######.#
#.# # #(# #
#.#.##(##.###
#...........#
######.####.#
########.#
#.#
........h#
#.#
####....@##
#.#
####.b.....#
#.#
........b..#
#.#
####..b)...#
#.# ##.....##
#<# ##...##
#.# ##.## #.#
#.######.#
#........#


You could see a black bear (berserk, ally target).

Vanquished Creatures
  Terence (D:2)
  Natasha (D:2)
  A dart slug (D:3)
  A ball python (D:1)
  A bat (D:1)
  6 endoplasms
  2 goblins (D:2)
  A hobgoblin (D:1)
  A frilled lizard (D:2)
  3 kobolds (D:2)
  3 rats (D:1)
21 creatures vanquished.

Vanquished Creatures (collateral kills)
  Jessica (D:3)
  Natasha (D:2)
  An adder (D:2)
  An endoplasm (D:1)
  A hobgoblin (D:2)
  A quokka (D:2)
  A frilled lizard (D:2)
7 creatures vanquished.

Grand Total: 28 creatures vanquished

Notes
Turn   | Place    | Note
-------+----------+-------------------------------------------
     0 | D:1      | CaptainMV the Naga Wanderer began the quest for the Orb.
     0 | D:1      | CaptainMV set off with the following items: a +3 falchion,
                  | a potion of might, a +0 leather armour; and the following
                  | spell memorised: Summon Small Mammal; and the following
                  | spells available to memorise: Call Canine Familiar.
     0 | D:1      | Reached XP level 1. HP: 21/21 MP: 2/2
   473 | D:1      | Reached XP level 2. HP: 28/28 MP: 0/3
   648 | D:1      | Got Giusall's Codex of the Sandy Traveller
   823 | D:2      | Noticed Terence
   835 | D:2      | HP: 1/28 [Terence/+0 falchion (8)]
   844 | D:2      | Killed Terence
   845 | D:2      | Reached XP level 3. HP: 23/36 MP: 4/4
   942 | D:2      | Noticed a floating eye
   943 | D:2      | Found a faded altar of an unknown god.
   949 | D:2      | Noticed a golden eye
   949 | D:2      | Noticed a great orb of eyes
   949 | D:2      | Noticed a golden eye
   986 | D:2      | Noticed Natasha
   993 | D:2      | Killed Natasha
   994 | D:2      | Reached XP level 4. HP: 30/44 MP: 4/6
  1088 | D:2      | Found Giokier's Weapon Emporium.
  1159 | D:2      | Noticed Natasha
  1179 | D:2      | Killed Natasha
  1202 | D:3      | Noticed Jessica
  1215 | D:3      | Killed Jessica
  1216 | D:3      | Reached skill level 1 in Stealth
  1216 | D:3      | Reached XP level 5. HP: 13/50 MP: 2/7
  1228 | D:3      | Noticed a black bear
  1255 | D:3      | HP: 2/50 [black bear (5)]
  1259 | D:3      | Slain by a black bear

Illustrated notes

Levels and vault maps discovered:
D:1:      scummos_arrival_simple_fountains, layout_loops_ring,
          serial_co_window_serial, co_window_paths_a, co_window_paths_a,
          co_window_of_opportunity_a, co_window_corner_a, co_window_paths_a,
          co_window_corner_cb, co_window_2corner, co_window_2corner,
          co_window_cross_2, glass_columns_b, glass_columns_b,
          kennysheep_another_room
D:2:      layout_rooms, serial_shops, shop,
          hellmonk_ecumenical_altar_watching_god, uniq_natasha, uniq_terence
D:3:      layout_loops_ring, uniq_jessica

Skill      XL: |  1  2  3  4 |
---------------+-------------+-----
Stealth        | 1 |  1.2
Summonings     | 2 |  2.0
Fighting       | |  3.9
Long Blades    | |  3.8
Armour         | |  1.2
Dodging        | |  1.1
Spellcasting   | |  1.9

Action                     |  1- 3 |  4- 6 || total
---------------------------+-------+-------++-------
  Melee: Falchion          |    40 |    29 ||    69
         Punch             |     1 |       ||     1
  Throw: Dart              |       |     3 ||     3
   Cast: Summon Small Mamm |    18 |    11 ||    29
Ability: Spit Poison       |     1 |       ||     1
    Use: Scroll            |     4 |     2 ||     6
         Potion            |     1 |     1 ||     2
 Armour: Leather armour    |    19 |    16 ||    35
  Dodge: Dodged            |    30 |    21 ||    51
